 Dungeon Crawl Stone Soup version 0.27-a0-200-g8ba017916c (webtiles) character file.

Game seed: 13316975809292772928

250 kae the Chopper (level 6, 0/55 HPs)
             Began as a Hill Orc Fighter on Jan 29, 2021.
             Succumbed to Sigmund's poison
             ... on level 3 of the Dungeon.
             The game lasted 00:01:49 (2772 turns).

kae the Chopper (Hill Orc Fighter)                  Turns: 2772, Time: 00:01:49

Health: 0/55       AC:  8    Str: 21    XL:     6   Next: 13%
Magic:  6/6        EV:  8    Int:  8    God:
Gold:   106        SH:  9    Dex: 10    Spells: 5/5 levels left

rFire    + . .     SeeInvis .   a - +1 war axe
rCold    + . .     Faith    .   c - +0 kite shield
rNeg     . . .     Spirit   .   b - +0 scale mail
rPois    +         Reflect  .   (helmet restricted)
rElec    +         Harm     .   (no cloak)
rCorr    +         Rampage  .   (no gloves)
Will     +....                  (no boots)
Stlth    +.........             (no amulet)
HPRegen  0.18/turn              h - ring of poison resistance
MPRegen  0.10/turn              j - ring of wizardry

@: mighty, lethally poisoned (0 -> -3), resistant, attractive
A: horns 1, camouflage 1, strong-willed 1, shaggy fur 1
a: no special abilities


You were on level 3 of the Dungeon.
You visited 1 branch of the dungeon, and saw 3 of its levels.

You collected 106 gold pieces.

Inventory:

Hand Weapons
 a - a +1 war axe (weapon)
Armour
 b - a +0 scale mail (worn)
 c - a +0 kite shield (worn)
Jewellery
 h - a ring of poison resistance (left hand)
 j - a ring of wizardry (right hand)
Scrolls
 i - 3 scrolls of amnesia
 l - a scroll of identify {unknown}
 m - a scroll of magic mapping {unknown}
Potions
 d - 2 potions of might
 f - 2 potions of resistance


   Skills:
 + Level 4.8 Fighting
 * Level 5.6 Axes
 + Level 4.3 Armour
 + Level 1.8 Dodging
 - Level 3.2 Shields


You had 5 spell levels left.
You didn't know any spells.
Your spell library was empty.

Dungeon Overview and Level Annotations

Branches:
Dungeon (3/15)

Altars:
Sif Muna
Vehumet


Innate Abilities, Weirdness & Mutations

You have a pair of small horns on your head.
Your skin changes colour to match your surroundings (Stealth+).
You are strong-willed. (Will+)
You are covered in fur. (AC +1)


Message History

* * * LOW HITPOINT WARNING * * *
You feel sick.
As you read the scroll labelled TENTEI EPNUROX, it crumbles to dust.
You feel strangely unstable.
It was a scroll of teleportation.
* * * LOW HITPOINT WARNING * * *
You feel sick.
Things that are here:
a +0 robe; a +0 scythe of venom; the human corpse of Sigmund Your surroundings suddenly seem different.
* * * LOW HITPOINT WARNING * * *
You feel sick.
An adder comes into view.
The adder hisses angrily.
A bat comes into view. x2
The adder is pulled toward you! The bat is pulled toward you!
Found 10 gold pieces, 16 stones and a potion of curing.
Found a stone staircase leading down.
You block the bat's attack. The bat barely misses you.
You block the adder's attack. The bat is pulled toward you!
You die...

## ## ###.. .#
.....###.######
......#.......#
.....b.@##.##..
$.....S.b......
............>..
...............
....!..########
......# .....#
#####


You could see an adder and 2 bats.

Vanquished Creatures
  Sigmund (D:3)
  A gnoll (D:1)
  5 adders
  2 oozes (D:2)
  A worm (D:2)
  5 bats
  3 goblins
  A hobgoblin (D:2)
  3 frilled lizards (D:2)
  4 kobolds
  5 rats
31 creatures vanquished.

Notes
Turn   | Place    | Note
-------+----------+-------------------------------------------
     0 | D:1      | kae the Hill Orc Fighter began the quest for the Orb.
     0 | D:1      | Reached XP level 1. HP: 19/19 MP: 1/1
   504 | D:1      | Reached skill level 3 in Axes
   504 | D:1      | Reached XP level 2. HP: 27/27 MP: 2/2
  1005 | D:2      | Reached XP level 3. HP: 8/33 MP: 3/3
  1747 | D:2      | Reached skill level 4 in Axes
  1747 | D:2      | Reached skill level 1 in Dodging
  1747 | D:2      | Reached XP level 4. HP: 39/40 MP: 4/4
  2169 | D:2      | Found a shimmering blue altar of Sif Muna.
  2169 | D:2      | Found a radiant altar of Vehumet.
  2695 | D:3      | Noticed Sigmund
  2755 | D:3      | Gained mutation: You are covered in fur. (AC +1) [potion of
                  | mutation]
  2755 | D:3      | Gained mutation: You expend magic power (3 MP) to
                  | strengthen your wands. [potion of mutation]
  2755 | D:3      | Gained mutation: Your skin changes colour to match your
                  | surroundings (Stealth+). [potion of mutation]
  2755 | D:3      | Gained mutation: You are agile. (Dex +2) [potion of
                  | mutation]
  2763 | D:3      | Killed Sigmund
  2764 | D:3      | Reached skill level 5 in Axes
  2764 | D:3      | Reached XP level 5. HP: 4/47 MP: 5/5
  2764 | D:3      | Reached XP level 6. HP: 5/55 MP: 6/6
  2765 | D:3      | Lost mutation: You are agile. (Dex +2) [potion of mutation]
  2765 | D:3      | Lost mutation: You expend magic power (3 MP) to strengthen
                  | your wands. [potion of mutation]
  2765 | D:3      | Gained mutation: You are weak. (Str -2) [potion of
                  | mutation]
  2765 | D:3      | Gained mutation: You are strong-willed. (Will+) [potion of
                  | mutation]
  2765 | D:3      | Gained mutation: Armour fits poorly on your strangely
                  | shaped body. [potion of mutation]
  2765 | D:3      | Gained mutation: You have a pair of small horns on your
                  | head. [potion of mutation]
  2766 | D:3      | Lost mutation: You have a pair of small horns on your head.
                  | [potion of mutation]
  2766 | D:3      | Lost mutation: Armour fits poorly on your strangely shaped
                  | body. [potion of mutation]
  2766 | D:3      | Lost mutation: You are weak. (Str -2) [potion of mutation]
  2766 | D:3      | Gained mutation: You have a pair of small horns on your
                  | head. [potion of mutation]
  2767 | D:3      | HP: 2/55 [poisoned by Sigmund]
  2772 | D:3      | Succumbed to Sigmund's poison

Illustrated notes

Levels and vault maps discovered:
D:1:      nicolae_arrival_somewhat_less_tricky_arrival, layout_basic
D:2:      minmay_inner_zag, layout_basic, gammafunk_temple_overflow_elements,
          skrybe_limestone_x
D:3:      layout_rooms, minitemple, due_unseen_surprise, uniq_sigmund,
          uniq_crazy_yiuf_cottage

Skill      XL: |  1  2  3  4 |
---------------+-------------+-----
Axes           | 3 4 5 |  5.6
Fighting       | 4 |  4.8
Dodging        | 1 |  1.8
Armour         | 4 |  4.3
Shields        | |  3.2

Action                   |  1- 3 |  4- 6 || total
-------------------------+-------+-------++-------
Melee: War axe           |    75 |    44 ||   119
  Use: Scroll            |     4 |     1 ||     5
       Potion            |       |     7 ||     7
Armor: Scale mail        |    35 |    20 ||    55
Dodge: Dodged            |    40 |    15 ||    55
Block: Kite shield       |    46 |    30 ||    76

Table legend: (Time is in decaauts)
 A = Elapsed time spent in this place.
 B = Non-inter-level travel time spent in this place.
 C = Inter-level travel time spent in this place.
 D = Time resting spent in this place.
 E = Time spent auto-exploring this place.
 F = Levels seen in this place.
 G = Mean time per level.
                   A        B        C        D        E       F      G
               +--------+--------+--------+--------+--------+-----+--------+
         Total |   2836 |   2719 |    117 |      0 |   2416 |   3 |  945.3 |
       Dungeon |   2836 |   2719 |    117 |      0 |   2416 |   3 |  945.3 |
               +--------+--------+--------+--------+--------+-----+--------+

Top non-repeatable levels by time:
     D:2: 1811 daAuts
     D:1: 980 daAuts
     D:3: 44 daAuts
